 Dungeon Crawl Stone Soup version 0.28-a0-247-gb8bfbab023 (webtiles) character file.

Game seed: 12914400019870167510

8656 robertstho the Thaumaturge (level 11, 0/115 HPs)
             Began as a Djinni Fire Elementalist on Aug 25, 2021.
             Was an Initiate of Gozag.
             Slain by a water moccasin (2 damage)
             ... on level 7 of the Dungeon.
             The game lasted 00:17:14 (8703 turns).

robertstho the Thaumaturge (DjFE)                   Turns: 8703, Time: 00:17:14

Health: 0/115      AC: 29    Str:  5    XL:     11   Next: 59%
Gold:   135        EV:  2    Int: 20    God:    Gozag SH:  7 Dex: 16

rFire   + . .      SeeInvis .   i - +2 dagger (venom)
rCold   . . .      Faith    .   q - +2 buckler {rF+}
rNeg    + + +      Spirit   .   (armour currently unavailable)
rPois   ∞          Reflect  .   (helmet currently unavailable)
rElec   .          Harm     .   (cloak currently unavailable)
rCorr   +          Rampage  .   (gloves currently unavailable)
Will    +....      NoTele   +   (boots unavailable)
Stlth   +++.......              (no amulet)
HPRegen 0.29/turn               e - ring of resist corrosion
MPRegen 0.00/turn               j - +4 ring of protection

@: mighty, tree-form, attractive
A: stationary, stasis, torment immunity, boosted hp, sickness immunity, (fire
resistance 2), (cold vulnerability 1), float, innate caster, hp casting, extra
vitality 1, (antennae 1), agile 1, (deformed body), weak 1
a: Renounce Religion, Potion Petition, Call Merchant, Bribe Branch


You were on level 7 of the Dungeon.
You worshipped Gozag.
Gozag was aware of your devotion.
You were a tree.
You visited 2 branches of the dungeon, and saw 8 of its levels.

You collected 556 gold pieces.
You paid 421 gold pieces to Gozag.

Inventory:

Hand Weapons
 g - a +1 trident of flaming
 i - a +2 dagger of venom (weapon)
Armour
 a - a +0 robe (melded)
 o - a +1 pair of gloves (melded)
 q - a +2 buckler of fire resistance (worn)
Jewellery
 e - a ring of resist corrosion (left branch)
 j - a +4 ring of protection (right branch)
Wands
 f - a wand of polymorph (6)
 n - a wand of mindburst (15)
Scrolls
 l - a scroll of vulnerability


   Skills:
 * Level 6.3 Fighting
 + Level 3.6(4.0) Short Blades
 + Level 2.0(3.1) Long Blades
 + Level 3.5 Armour
 + Level 6.6 Dodging
 + Level 4.0 Stealth
 + Level 2.9 Shields
 * Level 10.1 Spellcasting
 + Level 3.1 Evocations


You had one spell level left.
You knew the following spells:

 Your Spells              Type           Power      Damage    Failure   Level
a - Foxfire               Conj/Fire      100%       2x1d9     1%          1
b - Conjure Flame         Conj/Fire      50%        6-21      1%          3
c - Inner Flame           Hex/Fire       50%        N/A       1%          3
d - Sticky Flame          Conj/Fire      50%        2d7       1%          4
e - Fireball              Conj/Fire      25%        3d11      3%          5
f - Corona                Hex            55%        N/A       1%          1
g - Passwall              Tmut/Erth      41%        N/A       1%          2
h - Ignite Poison         Fire/Tmut/Pois 50%        N/A       1%          3
i - Tukima's Dance        Hex            50%        N/A       1%          3
j - Summon Lightning Spi  Summ/Air       50%        N/A       1%          4
Your spell library was empty.

Dungeon Overview and Level Annotations

Branches:
Dungeon (7/15)             Temple (1/1) D:4

Altars:
Ashenzari
Cheibriados
Elyvilon
Gozag
Kikubaaqudgha
Nemelex Xobeh
Okawaru
Qazlal
Ru
Vehumet
Xom
Zin
The Shining One
Lugonu

Shops:
D:1 (

Annotations:
D:4 2 runed translucent doors, Yurtisuma's ghost, amateur OpFi
D:7 Pikel


Innate Abilities, Weirdness & Mutations

You are a tree.
Your roots penetrate the ground, keeping you stationary.
You cannot be teleported.
You are immune to unholy pain and torment.
Your maximum health is greatly increased.
Your equipment is partially melded.
You are immune to sickness and miasma.
You are immune to poison.
((Your flesh is very heat resistant. (rF++)))
((You are vulnerable to cold. (rC-)))
You float through the air rather than walking.
You learn spells naturally, not from books.
Your magical power is your life essence.
You have superior vitality. (+4 HP)
((You have a pair of small antennae on your head.))
You are agile. (Dex +2)
((Armour fits poorly on your strangely shaped body.))
You are weak. (Str -2)


Message History

Your Evocations skill gained 2 levels and is now at level 3!
You have reached level 11!
The power to cast Summon Lightning Spire wells up from within.
Spell assigned to 'j'.
The orc warrior is no longer distracted by gold.
You block the water moccasin's attack.
The orc warrior cheers loudly.
Pikel is distracted by your dazzling golden aura.
You block the water moccasin's attack.
Casting: Fireball (dangerous; 3% risk of failure)
Confirm with . or Enter, or press ? or * to list all spells.
Okay, then.
It was a potion of might.
You feel very mighty all of a sudden.
The water moccasin is no longer distracted by gold.
You block the water moccasin's attack. The water moccasin misses you.
The water moccasin bites you.
* * * LOW HITPOINT WARNING * * *
You barely miss the water moccasin. The water moccasin closely misses you.
You block the water moccasin's attack.
You completely miss the water moccasin.
The water moccasin bites you but does no damage. x2
You closely miss the water moccasin. The water moccasin bites you.
* * * LOW HITPOINT WARNING * * *
The water moccasin bites you!
* * * LOW HITPOINT WARNING * * *
Pikel shouts!
It was a potion of attraction.
You feel attractive to monsters.
You hear the loud creaking of a very distant portcullis.
You hear an angry growl.
Pikel is no longer distracted by gold.
The water moccasin barely misses you.
You block the water moccasin's attack. x2
The water moccasin completely misses you.
It was a potion of lignification.
You turn into a tree.
Your +1 pair of gloves melds into your body.
Your +0 robe melds into your body.
Your roots penetrate the ground.
You block the water moccasin's attack. The water moccasin bites you.
You die...
Your body crumbles into a pile of gold.

######## ##......##
##........## #..........#
#..........# #############
#..........######$..........###
#(.......>..TS♣SKo$.###'###....
#...........#####..##.{..S##..#
##:........?....).##....o..##..
##...[.....###########......###
#..........# {.8####..5.##
#..>.......# ..F.{###..#.
#..........# _8h⌠S{...D+#
#)......>..# ...#####..##
#..........# . ####....##


You could see Pikel, a troll, an orc warrior and 2 water moccasins.

Vanquished Creatures
  An ugly thing (D:7)
  3 centaur zombies (D:7)
  A gargoyle (D:7)
  Grinder (D:6)
  Sigmund (D:6)
  A wyvern (D:6)
  Eustachio (D:6)
  A water moccasin (D:7)
  Duvessa (D:6)
  A sky beast (D:7)
  A black bear (D:6)
  An ice beast (D:6)
  2 ogres
  3 centaurs (D:7)
  A bullfrog (D:7)
  2 scorpions
  A gnoll sergeant (D:5)
  Dowan (D:6)
  A wyvern zombie (D:4)
  6 killer bees
  A hound (D:7)
  A bullfrog skeleton (D:6)
  An orc priest (D:5)
  2 centaur skeletons (D:7)
  4 iguanas
  3 orc wizards
  A killer bee zombie (D:6)
  3 adders
  11 gnolls
  A shadow imp (D:7)
  A white imp (D:6)
  2 worms (D:4)
  3 dart slugs
  7 orcs
  2 ball pythons
  6 endoplasms
  4 giant cockroaches
  14 goblins
  8 hobgoblins
  4 jackals (D:3)
  4 kobolds
  3 quokkas
  6 bats
  4 frilled lizards
  A jackal skeleton (D:4)
  4 rats
  A butterfly (D:4)
133 creatures vanquished.

Vanquished Creatures (others)
  611 foxfires
611 creatures vanquished.

Grand Total: 744 creatures vanquished

Notes
Turn   | Place    | Note
-------+----------+-------------------------------------------
     0 | D:1      | robertstho the Djinni Fire Elementalist began the quest for
                  | the Orb.
     0 | D:1      | Reached XP level 1. HP: 15/15 MP: 0/0
   142 | D:1      | Reached XP level 2. HP: 14/21 MP: 0/0
   575 | D:1      | Reached skill level 3 in Spellcasting
   589 | D:1      | Reached XP level 3. HP: 18/25 MP: 0/0
   589 | D:1      | Learned a level 1 spell: Corona
  1103 | D:1      | Found Retugozo's Antique Weapon Boutique.
  1814 | D:2      | Found a faded altar of an unknown god.
  1851 | D:1      | Reached XP level 4. HP: 20/31 MP: 0/0
  2314 | D:2      | Reached skill level 1 in Fighting
  2749 | D:3      | Reached XP level 5. HP: 29/37 MP: 0/0
  2749 | D:3      | Learned a level 2 spell: Passwall
  3129 | D:3      | Gained mutation: You have a pair of small antennae on your
                  | head. [potion of mutation]
  3129 | D:3      | Gained mutation: You are weak. (Str -2) [potion of
                  | mutation]
  3129 | D:3      | Gained mutation: Armour fits poorly on your strangely
                  | shaped body. [potion of mutation]
  3129 | D:3      | Gained mutation: You are agile. (Dex +2) [potion of
                  | mutation]
  3138 | D:3      | Reached skill level 4 in Spellcasting
  3795 | D:4      | Reached XP level 6. HP: 26/42 MP: 0/0
  3979 | D:4      | Found a runed translucent door.
  3979 | D:4      | Found a shimmering altar of Xom.
  3982 | D:4      | Noticed Yurtisuma's ghost (amateur OpFi)
  4280 | D:4      | Found a staircase to the Ecumenical Temple.
  4408 | Temple   | Entered the Ecumenical Temple
  4446 | Temple   | Became a worshipper of Gozag Ym Sagoz the Greedy
  4580 | D:4      | Reached skill level 5 in Spellcasting
  4888 | D:4      | Found a glowing silver altar of Zin.
  5166 | D:4      | Found a runed translucent door.
  5252 | D:5      | Entered Level 5 of the Dungeon
  5289 | D:5      | Reached XP level 7. HP: 40/49 MP: 0/0
  5289 | D:5      | Learned a level 3 spell: Ignite Poison
  5668 | D:5      | Found a sparkling altar of Nemelex Xobeh.
  5671 | D:5      | HP: 2/49 [orc priest/divine providence (13)]
  6082 | D:5      | Found a stormy altar of Qazlal.
  6462 | D:6      | Noticed Grinder
  6464 | D:6      | Paralysed by Grinder for 4 turns
  6472 | D:6      | Killed Grinder
  6473 | D:6      | Reached skill level 6 in Spellcasting
  6473 | D:6      | Reached XP level 8. HP: 28/55 MP: 0/0
  6495 | D:6      | Reached skill level 1 in Evocations
  6627 | D:6      | Noticed a wyvern
  6636 | D:6      | Killed a wyvern
  6819 | D:6      | Noticed Eustachio
  6827 | D:6      | Killed Eustachio
  6828 | D:6      | Reached skill level 1 in Short Blades
  7141 | D:6      | Noticed Duvessa
  7144 | D:6      | Noticed Dowan
  7146 | D:6      | Noticed Sigmund
  7153 | D:6      | Killed Duvessa
  7154 | D:6      | Reached skill level 7 in Spellcasting
  7521 | D:6      | Reached XP level 9. HP: 52/61 MP: 0/0
  7521 | D:6      | Learned a level 3 spell: Tukima's Dance
  7815 | D:6      | Killed Dowan
  7834 | D:6      | Killed Sigmund
  8003 | D:6      | Found an iron altar of Okawaru.
  8240 | D:7      | Reached skill level 8 in Spellcasting
  8331 | D:7      | Reached XP level 10. HP: 24/69 MP: 0/0
  8405 | D:7      | Reached skill level 9 in Spellcasting
  8495 | D:7      | Reached skill level 1 in Shields
  8507 | D:7      | Noticed a gargoyle
  8511 | D:7      | Killed a gargoyle
  8513 | D:7      | Noticed a cyan ugly thing
  8528 | D:7      | Killed a cyan ugly thing
  8529 | D:7      | Reached skill level 5 in Fighting
  8529 | D:7      | Reached skill level 5 in Dodging
  8554 | D:7      | Noticed Pikel
  8661 | D:7      | Noticed a seven-headed hydra
  8663 | D:7      | Found the necklace of Bloodlust {*Rage +Rage Will++ Int-3
                  | Slay+6}
  8675 | D:7      | Found an iron altar of Okawaru.
  8697 | D:7      | Reached skill level 10 in Spellcasting
  8697 | D:7      | Reached XP level 11. HP: 17/77 MP: 0/0
  8697 | D:7      | Learned a level 4 spell: Summon Lightning Spire
  8701 | D:7      | HP: 1/77 [water moccasin (8)]
  8703 | D:7      | Slain by a water moccasin

Illustrated notes

Levels and vault maps discovered:
D:1:      psy_arrival_basics, layout_basic, serial_shops, shop
D:2:      layout_basic, basic_ecumenical_altar
D:3:      layout_loops_ring
D:4:      layout_layer_cave, xom_butterflies, mainiacjoe_overflow_tiny_flanked,
          minmay_temple_entry_tees, ebering_ghost_sewer_f,
          hangedman_decor_diamond_cutter, hex_tiny, patterned_corridor
D:5:      layout_loops_ring, lemuel_round_altar, lemuel_tele_altar
D:6:      layout_rooms, kennysheep_okawaru_gauntlet, uniq_eustachio,
          uniq_duvessa, uniq_grinder, uniq_sigmund
D:7:      minmay_the_grid_octo_tiled_squarecenter
          [minmay_the_grid_octo_thin_diamonds,
          minmay_the_grid_octo_vomiting_pacman, minmay_the_grid_octo_teeth,
          minmay_the_grid_octo_odd_swirl,
          minmay_the_grid_square_5x5_megaprize_open,
          minmay_the_grid_square_5x5_sharp_hourglass,
          minmay_the_grid_square_5x5_two_small, minmay_the_grid_square_5x5_meh,
          minmay_the_grid_square_5x5_tri_point], layout_rooms,
          mainiacjoe_overflow_alcove_1, mainiacjoe_overflow_small_starburst,
          enter_bailey_2, uniq_pikel
Temple:   corrupted_temple

Skill      XL: |  1  2  3  4  5  6  7  8  9 10 |
---------------+-------------------------------+-----
Spellcasting   | 3 4 5 6 7 8 10 | 10.1
Fighting       | 1 2 3 4 6 |  6.3
Stealth        | 2 3 4 |  4.0
Evocations     | 1 3 |  3.1
Short Blades   | 1 2 3 |  3.6
Dodging        | 3 4 6 |  6.6
Shields        | 2 |  2.9
Long Blades    | 2 |  2.0
Armour         | 3 |  3.5

Action                   |  1- 3 |  4- 6 |  7- 9 | 10-12 || total
-------------------------+-------+-------+-------+-------++-------
Melee: Dagger            |       |    18 |    22 |    17 ||    57
 Cast: Foxfire           |    91 |   126 |   148 |       ||   365
       Sticky Flame      |       |     1 |    15 |     9 ||    25
       Fireball          |       |       |     2 |    11 ||    13
       Conjure Flame     |       |       |       |     1 ||     1
Invok: Potion Petition   |       |       |       |     1 ||     1
Evoke: Wand              |       |       |     2 |     1 ||     3
  Use: Potion            |       |     3 |     2 |    10 ||    15
       Scroll            |       |     3 |     6 |     3 ||    12
 Stab: Sleeping          |       |     2 |       |     1 ||     3
Armor: Robe              |     1 |    16 |    28 |    15 ||    60
Dodge: Dodged            |     6 |    37 |    44 |    32 ||   119
Block: Buckler           |       |       |    12 |    28 ||    40

Table legend: (Time is in decaauts)
 A = Elapsed time spent in this place.
 B = Non-inter-level travel time spent in this place.
 C = Inter-level travel time spent in this place.
 D = Time resting spent in this place.
 E = Time spent auto-exploring this place.
 F = Levels seen in this place.
 G = Mean time per level.
                   A        B        C        D        E       F      G
               +--------+--------+--------+--------+--------+-----+--------+
         Total |   8684 |   8371 |    313 |    632 |   6236 |   8 | 1085.5 |
       Dungeon |   8630 |   8334 |    296 |    632 |   6213 |   7 | 1232.9 |
        Temple |     54 |     38 |     16 |      0 |     23 |   1 |   54.0 |
               +--------+--------+--------+--------+--------+-----+--------+

Top non-repeatable levels by time:
     D:1: 1657 daAuts
     D:4: 1550 daAuts
     D:6: 1497 daAuts
     D:5: 1477 daAuts
     D:2: 1024 daAuts
     D:3: 964 daAuts
     D:7: 458 daAuts
  Temple: 54 daAuts
